PIO (24 & UNDER)
SEATTLE RAINIERS @ SURREY SINNERS
04/06/2023
 
TOP OF THE 1ST
Seattle Rainiers batting - Pitching for Surrey Sinners : RHP Ryan Balloun
Pitching: RHP Ryan Balloun
Batting: RHB Aaron Holt 0-0: Foul Ball, location: 2F
0-1: Foul Ball, location: 2F
0-2: SINGLE (Line Drive, 7S)
Batting: RHB Alejandro Ramos 0-0: Swinging Strike
0-1: Ball
1-1: Ball
2-1: Called Strike
2-2: Strikes out swinging
Aaron Holt steals 2nd base
Batter strikes out.
Batting: LHB Tony Rivera 0-0: Foul Ball, location: 2F
0-1: Ball
Aaron Holt steals 3rd base
1-1: Ball
2-1: Ball
3-1: Swinging Strike
3-2: Base on Balls
Batting: RHB Pedro Rodríguez 0-0: Foul Ball, location: 2F
0-1: Ball
1-1: Swinging Strike
1-2: Strikes out looking
Tony Rivera is caught stealing 2nd base
Batter strikes out.
Top of the 1st over - 0 run(s), 1 hit(s), 0 error(s), 1 left on base; Seattle 0 - Surrey 0
BOTTOM OF THE 1ST
Surrey Sinners batting - Pitching for Seattle Rainiers : RHP Bud Baldwin
Pitching: RHP Bud Baldwin
Batting: RHB Jesús Hernández 0-0: Ball
1-0: Called Strike
1-1: Ball
2-1: Ball
3-1: Base on Balls
Batting: RHB Jesús Gonzáles 0-0: Foul Ball, location: 2F
0-1: Fly out, F8 (Flyball, 8RM)
Batting: LHB Nick English 0-0: Ball
1-0: Foul Ball, location: 2F
1-1: Called Strike
1-2: Ball
2-2: Foul Ball, location: 2F
2-2: Foul Ball, location: 2F
2-2: SINGLE (Groundball, 6MD) (infield hit)
Jesús Hernández to second
Batting: RHB César Osequedo 0-0: Foul Ball, location: 2F
0-1: Ball
1-1: Grounds into double play, 4-6-3 (Groundball, 4)
Bottom of the 1st over - 0 run(s), 1 hit(s), 0 error(s), 1 left on base; Seattle 0 - Surrey 0
TOP OF THE 2ND
Seattle Rainiers batting - Pitching for Surrey Sinners : RHP Ryan Balloun
Batting: SHB Glenn Vadnais 0-0: SINGLE (Groundball, 6MD)
Batting: LHB Tom Baker 0-0: Ball
1-0: Swinging Strike
1-1: Ball
2-1: Foul Ball, location: 2F
2-2: SINGLE (Groundball, 34D)
Glenn Vadnais to second
Runner from 2nd tries for 3rd, SAFE, throw made to third
Batting: RHB Chris Parker 0-0: Ball
1-0: Ball
Tom Baker steals 2nd base
2-0: Foul Ball, location: 2F
2-1: Swinging Strike
2-2: Foul Ball, location: 2F
2-2: Ball
3-2: Strikes out looking
Batting: LHB Norbert Mosley 0-0: Ball
1-0: Called Strike
1-1: Ball
2-1: Ground out 3-1 (Groundball, 34)
Glenn Vadnais scores
Tom Baker to third
Batting: RHB Bill Dawson 0-0: Ball
1-0: SINGLE (Groundball, 23) (infield hit)
Tom Baker scores
Batting: RHB Aaron Holt 0-0: Called Strike
0-1: Ground out 6-3 (Groundball, 6)
Top of the 2nd over - 2 run(s), 3 hit(s), 0 error(s), 1 left on base; Seattle 2 - Surrey 0
BOTTOM OF THE 2ND
Surrey Sinners batting - Pitching for Seattle Rainiers : RHP Bud Baldwin
Batting: RHB Cooper Richard 0-0: Called Strike
0-1: Fly out, F8 (Flyball, 8RM)
Batting: RHB Bill Little 0-0: Ball
1-0: Called Strike
1-1: SINGLE (Line Drive, 56)
Batting: RHB Héctor Berrios 0-0: Ball
1-0: Ball
2-0: Ball
3-0: Called Strike
3-1: Foul Ball, location: 2F
3-2: Foul Ball, location: 2F
3-2: Strikes out swinging
Batting: LHB Larry Howard 0-0: Ball
1-0: Foul Ball, location: 2F
1-1: Called Strike
1-2: Strikes out swinging
Bottom of the 2nd over - 0 run(s), 1 hit(s), 0 error(s), 1 left on base; Seattle 2 - Surrey 0
TOP OF THE 3RD
Seattle Rainiers batting - Pitching for Surrey Sinners : RHP Ryan Balloun
Batting: RHB Alejandro Ramos 0-0: Swinging Strike
0-1: Swinging Strike
0-2: Ball
1-2: SINGLE (Line Drive, 78S)
Batting: LHB Tony Rivera 0-0: Ball
1-0: Called Strike
1-1: Ball
2-1: Foul Ball, location: 2F
2-2: SINGLE (Line Drive, 8RS)
Alejandro Ramos to second
Batting: RHB Pedro Rodríguez 0-0: Ball
1-0: Ball
2-0: Ball
3-0: Base on Balls
Alejandro Ramos to third
Tony Rivera to second
Batting: SHB Glenn Vadnais 0-0: Ball
1-0: Grounds into double play, 6-4-3 (Groundball, 6)
Alejandro Ramos scores
Tony Rivera to third
Batting: LHB Tom Baker 0-0: Ball
Wild Pitch!
Tony Rivera scores
1-0: Ball
2-0: Ground out 4-3 (Groundball, 4)
Top of the 3rd over - 2 run(s), 2 hit(s), 0 error(s), 0 left on base; Seattle 4 - Surrey 0
BOTTOM OF THE 3RD
Surrey Sinners batting - Pitching for Seattle Rainiers : RHP Bud Baldwin
Batting: RHB Víctor Arredondo 0-0: Called Strike
0-1: SINGLE (Line Drive, 9S)
Batting: RHB Jesús Hernández 0-0: Called Strike
0-1: Ball
1-1: SINGLE (Groundball, 56D)
Víctor Arredondo to second
Batting: RHB Jesús Gonzáles 0-0: Ball
1-0: Called Strike
1-1: Foul Ball, location: 2F
1-2: Ball
2-2: Strikes out swinging
Batting: LHB Nick English 0-0: Ball
1-0: SINGLE (Flyball, 7LS)
Víctor Arredondo to third
Jesús Hernández to second
Batting: RHB César Osequedo 0-0: Fly out, F8 (Flyball, 8LM)
Runner from 3rd tags up, OUT at HOME
Bottom of the 3rd over - 0 run(s), 3 hit(s), 0 error(s), 2 left on base; Seattle 4 - Surrey 0
TOP OF THE 4TH
Seattle Rainiers batting - Pitching for Surrey Sinners : RHP Ryan Balloun
Batting: RHB Chris Parker 0-0: Foul Ball, location: 2F
0-1: Ball
1-1: Foul Ball, location: 2F
1-2: Foul Ball, location: 2F
1-2: Ball
2-2: Strikes out swinging
Batting: LHB Norbert Mosley 0-0: Foul Ball, location: 2F
0-1: Ball
1-1: Ball
2-1: Called Strike
2-2: Ground out 4-3 (Groundball, 4)
Batting: RHB Bill Dawson 0-0: Ball
1-0: Called Strike
1-1: Ball
2-1: Called Strike
2-2: Fly out, F8 (Flyball, 8RM)
Top of the 4th over - 0 run(s), 0 hit(s), 0 error(s), 0 left on base; Seattle 4 - Surrey 0
BOTTOM OF THE 4TH
Surrey Sinners batting - Pitching for Seattle Rainiers : RHP Bud Baldwin
Batting: RHB Cooper Richard 0-0: SINGLE (Line Drive, 6D)
Batting: RHB Bill Little 0-0: Ball
1-0: Ball
2-0: Ball
3-0: Base on Balls
Cooper Richard to second
Batting: RHB Héctor Berrios 0-0: Fly out, F8 (Flyball, 8RM)
Batting: LHB Larry Howard 0-0: Ball
1-0: Called Strike
1-1: Called Strike
1-2: Foul Ball, location: 2F
1-2: Ball
2-2: Foul Ball, location: 2F
2-2: DOUBLE (Flyball, 78XD)
Cooper Richard scores
Bill Little to third
Runner from 3rd tries for Home, SAFE, throw made at trailing runner, SAFE at third!
Batting: RHB Víctor Arredondo 0-0: Ball
1-0: Ball
2-0: Fly out, F4 (Popup, 4MD)
Batting: RHB Jesús Hernández 0-0: Ball
1-0: Ground out 5-3 (Groundball, 5L)
Bottom of the 4th over - 2 run(s), 2 hit(s), 0 error(s), 1 left on base; Seattle 4 - Surrey 2
TOP OF THE 5TH
Seattle Rainiers batting - Pitching for Surrey Sinners : RHP Ryan Balloun
Batting: RHB Aaron Holt 0-0: Ball
1-0: Ball
2-0: SINGLE (Line Drive, 9S)
Batting: RHB Alejandro Ramos 0-0: Ball
1-0: Swinging Strike
1-1: Ball
2-1: Ground out U3 (Groundball, 3S)
Aaron Holt to second
Batting: LHB Tony Rivera 0-0: Called Strike
0-1: Foul Ball, location: 2F
0-2: Ball
1-2: Ground out 3-1 (Groundball, 34S)
Aaron Holt to third
Batting: RHB Pedro Rodríguez 0-0: Called Strike
0-1: Foul Ball, location: 2F
0-2: Ball
1-2: Strikes out swinging
Top of the 5th over - 0 run(s), 1 hit(s), 0 error(s), 1 left on base; Seattle 4 - Surrey 2
BOTTOM OF THE 5TH
Surrey Sinners batting - Pitching for Seattle Rainiers : RHP Bud Baldwin
Batting: RHB Jesús Gonzáles 0-0: Foul Ball, location: 2F
0-1: Fly out, F8 (Flyball, 8RM)
Batting: LHB Nick English 0-0: Called Strike
0-1: Ball
1-1: Ball
2-1: Swinging Strike
2-2: Ball
Single, Error in OF, E9, batter to second base
Batting: RHB César Osequedo 0-0: Ball
1-0: Foul Ball, location: 2F
1-1: Foul Ball, location: 2F
1-2: Strikes out swinging
Batting: RHB Cooper Richard 0-0: Fly out, F9 (Popup, 89S)
Bottom of the 5th over - 0 run(s), 1 hit(s), 1 error(s), 1 left on base; Seattle 4 - Surrey 2
TOP OF THE 6TH
Seattle Rainiers batting - Pitching for Surrey Sinners : RHP Ryan Balloun
Pitching: RHP Jesse Jones
Batting: SHB Glenn Vadnais 0-0: Called Strike
0-1: Foul Ball, location: 2F
0-2: SINGLE (Line Drive, 7S)
Batting: LHB Tom Baker 0-0: Ball
1-0: Called Strike
1-1: Ball
2-1: Foul Ball, location: 2F
2-2: Strikes out swinging
Batting: RHB Chris Parker 0-0: Ball
1-0: Ball
2-0: Ball
3-0: Base on Balls
Glenn Vadnais to second
Batting: LHB Norbert Mosley 0-0: Ball
1-0: Ball
2-0: Ball
3-0: Called Strike
3-1: Base on Balls
Glenn Vadnais to third
Chris Parker to second
Batting: RHB Bill Dawson 0-0: SINGLE (Line Drive, 4D)
Glenn Vadnais scores
Chris Parker to third
Norbert Mosley to second
Runner from 3rd tries for Home, SAFE, no throw or cutoff
Batting: RHB Aaron Holt 0-0: Fly out, F8 (Flyball, 8RS)
Batting: RHB Alejandro Ramos 0-0: Ball
1-0: Called Strike
1-1: Swinging Strike
1-2: Ball
2-2: Foul Ball, location: 2F
2-2: Strikes out swinging
Top of the 6th over - 2 run(s), 2 hit(s), 0 error(s), 2 left on base; Seattle 6 - Surrey 2
BOTTOM OF THE 6TH
Surrey Sinners batting - Pitching for Seattle Rainiers : RHP Bud Baldwin
Batting: RHB Bill Little 0-0: Foul Ball, location: 2F
0-1: Ball
1-1: Ball
2-1: Swinging Strike
2-2: Ball
3-2: Base on Balls
Batting: RHB Héctor Berrios 0-0: Ball
1-0: Called Strike
1-1: Swinging Strike
1-2: Strikes out swinging
Pitching: RHP César Rodríguez
Batting: LHB Larry Howard 0-0: DOUBLE (Line Drive, 78S)
Bill Little to third
Batting: RHB Víctor Arredondo 0-0: Ball
1-0: Ball
2-0: Ball
3-0: Base on Balls
Batting: RHB Jesús Hernández 0-0: Ball
1-0: Called Strike
1-1: Fly out, F7 (Flyball, 7LM)
Batting: RHB Jesús Gonzáles 0-0: Called Strike
0-1: Foul Ball, location: 2F
0-2: Fly out, F4 (Line Drive, 4M)
Bottom of the 6th over - 0 run(s), 1 hit(s), 0 error(s), 3 left on base; Seattle 6 - Surrey 2
TOP OF THE 7TH
Seattle Rainiers batting - Pitching for Surrey Sinners : RHP Jesse Jones
Batting: LHB Tony Rivera 0-0: Ball
1-0: Foul Ball, location: 2F
1-1: Called Strike
1-2: Ball
2-2: Strikes out swinging
Batting: RHB Pedro Rodríguez 0-0: Fly out, F9 (Flyball, 89D)
Batting: SHB Glenn Vadnais 0-0: Ball
1-0: Ball
2-0: Foul Ball, location: 2F
2-1: Foul Ball, location: 2F
2-2: Strikes out looking
Top of the 7th over - 0 run(s), 0 hit(s), 0 error(s), 0 left on base; Seattle 6 - Surrey 2
BOTTOM OF THE 7TH
Surrey Sinners batting - Pitching for Seattle Rainiers : RHP César Rodríguez
Batting: LHB Nick English 0-0: Ball
1-0: Ball
2-0: Fly out, F7 (Flyball, 7S)
Batting: RHB César Osequedo 0-0: Called Strike
0-1: Foul Ball, location: 2F
0-2: Ball
1-2: Strikes out swinging
Batting: RHB Cooper Richard 0-0: Ball
1-0: Called Strike
1-1: Called Strike
1-2: TRIPLE (Flyball, 78M)
Batting: RHB Bill Little 0-0: Called Strike
0-1: Ball
1-1: Called Strike
1-2: SINGLE (Line Drive, 4MD)
Cooper Richard scores
Batting: RHB Héctor Berrios 0-0: Foul Ball, location: 2F
0-1: Swinging Strike
0-2: Strikes out swinging
Bottom of the 7th over - 1 run(s), 2 hit(s), 0 error(s), 1 left on base; Seattle 6 - Surrey 3
TOP OF THE 8TH
Seattle Rainiers batting - Pitching for Surrey Sinners : RHP Jesse Jones
Pitching: RHP Chris Marshall
Batting: LHB Tom Baker 0-0: Ball
1-0: Ball
2-0: Foul Ball, location: 2F
2-1: Called Strike
2-2: Foul Ball, location: 2F
2-2: Ball
3-2: Strikes out swinging
Batting: RHB Chris Parker 0-0: Ball
1-0: Foul Ball, location: 2F
1-1: Fly out, F7 (Line Drive, 7M)
Batting: LHB Norbert Mosley 0-0: Ball
1-0: SINGLE (Line Drive, 4M)
Batting: RHB Bill Dawson 0-0: Ground out 5-3 (Groundball, 56)
Top of the 8th over - 0 run(s), 1 hit(s), 0 error(s), 1 left on base; Seattle 6 - Surrey 3
BOTTOM OF THE 8TH
Surrey Sinners batting - Pitching for Seattle Rainiers : RHP César Rodríguez
Batting: LHB Larry Howard 0-0: Ball
1-0: Called Strike
1-1: Ground out 4-3 (Groundball, 4)
Pitching: RHP Júlio Quintana
Batting: RHB Víctor Arredondo 0-0: Ball
1-0: Called Strike
1-1: Called Strike
1-2: Strikes out swinging
Batting: RHB Jesús Hernández 0-0: Called Strike
0-1: Ball
1-1: Ball
2-1: SINGLE (Line Drive, 89S)
Pitching: RHP Jaime Espinoza
Batting: RHB Jesús Gonzáles 0-0: Ball
1-0: Fly out, F6 (Popup, 6D)
Bottom of the 8th over - 0 run(s), 1 hit(s), 0 error(s), 1 left on base; Seattle 6 - Surrey 3
TOP OF THE 9TH
Seattle Rainiers batting - Pitching for Surrey Sinners : RHP Chris Marshall
Batting: RHB Aaron Holt 0-0: Ball
1-0: Ball
2-0: Ball
3-0: Called Strike
3-1: Base on Balls
Batting: RHB Alejandro Ramos 0-0: Called Strike
0-1: Ball
1-1: Ball
2-1: Sac Bunt - play at first, batter OUT! 1-4
Aaron Holt to second
Batting: LHB Tony Rivera 0-0: Called Strike
0-1: Ball
1-1: Foul Ball, location: 2F
1-2: Ground out 6-3 (Groundball, 6)
Aaron Holt to third
Batting: RHB Pedro Rodríguez 0-0: Ball
1-0: Ball
2-0: Ball
3-0: Base on Balls
Batting: SHB Glenn Vadnais 0-0: Called Strike
0-1: Fly out, F7 (Flyball, 78M)
Top of the 9th over - 0 run(s), 0 hit(s), 0 error(s), 2 left on base; Seattle 6 - Surrey 3
BOTTOM OF THE 9TH
Surrey Sinners batting - Pitching for Seattle Rainiers : RHP Jaime Espinoza
Pitching: RHP Jorge Chávez
Batting: LHB Nick English 0-0: SOLO HOME RUN (Flyball, 89XD), Distance : 395 ft
Batting: RHB César Osequedo 0-0: Ball
1-0: Ground out 5-3 (Groundball, 56)
Batting: RHB Cooper Richard 0-0: Swinging Strike
0-1: Ball
1-1: Swinging Strike
1-2: Ball
2-2: Strikes out looking
Batting: RHB Bill Little 0-0: Ball
1-0: Ball
2-0: Ball
3-0: Called Strike
3-1: Base on Balls
Pinch Hitting: RHB Júlio Figueroa 0-0: Called Strike
0-1: SINGLE (Flyball, 9S)
Bill Little to second
Runner from 2nd tries for 3rd, SAFE, throw made to third
Batting: LHB Larry Howard 0-0: Swinging Strike
0-1: Ball
1-1: Ball
2-1: Ball
3-1: Base on Balls
Júlio Figueroa to second
Batting: RHB Víctor Arredondo 0-0: Ball
1-0: Ball
2-0: Ball
3-0: Base on Balls
Bill Little scores
Júlio Figueroa to third
Larry Howard to second
Batting: RHB Jesús Hernández 0-0: Foul Ball, location: 2F
0-1: Ball
1-1: Foul Ball, location: 2F
1-2: Hit by Pitch
Júlio Figueroa scores
Larry Howard to third
Víctor Arredondo to second
Batting: RHB Jesús Gonzáles 0-0: Ball
1-0: Ball
2-0: Swinging Strike
2-1: Foul Ball, location: 2F
2-2: Ball
3-2: SINGLE (Groundball, 34)
Larry Howard scores
This league is powered by Out of the Park Baseball, the baseball management simulation game for PC, Mac and Linux
Wednesday, December 2nd, 2015 - OOTP Baseball 16.8 Build 38